 Dungeon Crawl Stone Soup version 0.32-a0-928-g1cae6b7ea0 (webtiles) character file.

Game seed: 12044313959320432932

445 DEFE the Cudgeller (level 7, -1/52 HPs)
             Began as a Coglin Fighter on Apr 12, 2024.
             Was an Initiate of Gozag.
             Killed by nerve-wracking pain
             ... invoked by an orc priest
              (4 damage)
             ... on level 4 of the Dungeon.
             The game lasted 00:03:17 (2995 turns).

DEFE the Cudgeller (Coglin Fighter)                 Turns: 2995, Time: 00:03:18

Health: -1/52      AC: 10    Str: 19    XL:     7   Next: 3%
Magic:  7/7        EV: -3    Int:  7    God:    Gozag
Gold:   207        SH:  0    Dex: 13    Spells: 6/6 levels left

rFire   . . .        a - +0 flail {Fernando}
rCold   . . .        e - +2 whip (elec) {Zayda}
rNeg    . . .        m - +0 chain mail
rPois   .            i - +0 helmet
rElec   .            (no cloak)
rCorr   .            (no gloves)
SInv    .            (no boots)
Will    .....        (amulet unavailable) Stlth
                     (ring unavailable)
HPRegen 0.28/turn    (ring unavailable)
MPRegen 0.10/turn    (no gizmo)

%: no passive effects
@: gold aura, constricted, revved
A: off-hand wielding, slow wielding, warmup strikes, no jewellery
a: Invent Gizmo, Renounce Religion, Potion Petition, Call Merchant, Bribe Branch


You were on level 4 of the Dungeon.
You worshipped Gozag.
Gozag was aware of your devotion.
You visited 1 branch of the dungeon, and saw 4 of its levels.

You collected 281 gold pieces.
You paid 74 gold pieces to Gozag.

Inventory:

Hand Weapons
 a - a +0 flail (weapon) {Fernando}
 d - a +0 dagger of venom
 e - a +2 whip of electrocution (offhand) {Zayda}
 g - a +0 mace {Nefertari}
 l - a +0 morningstar
Armour
 b - a +0 scale mail
 c - a +0 buckler
 i - a +0 helmet (worn)
 m - a +0 chain mail (worn)
Wands
 n - a wand of paralysis (5)
Scrolls
 j - 2 scrolls of revelation {unknown}
 o - 3 scrolls of poison {unknown}
 p - a scroll of identify {unknown}
Potions
 h - a potion of lignification {unknown}
 k - a potion of attraction {unknown}


   Skills:
 - Level 3.0 Fighting
 + Level 6.7 Maces & Flails
 - Level 2.6 Armour
 - Level 2.1 Shields


You had 6 spell levels left.
You didn't know any spells.
Your spell library contained the following spells:

 Spells                   Type           Power      Damage    Failure   Level
 Apportation              Tloc           0%         N/A       99%         1
 Magic Dart               Conj           0%         1d3       99%         1
 Necrotise                Necr           0%         1d4       99%         1
 Sting                    Conj/Alch      0%         1d3       99%         1
 Summon Small Mammal      Summ           0%         N/A       99%         1
 Blink                    Tloc           0%         N/A       99%         2
 Call Imp                 Summ           0%         N/A       99%         2
 Frozen Ramparts          Ice            0%         1d1       100%        3
 Ozocubu's Armour         Ice            0%         N/A       100%        3
 Metabolic Englaciation   Hex/Ice        0%         N/A       100%        5


Dungeon Overview and Level Annotations

Branches:
Dungeon (4/15)
 Temple: D:4-7

Altars:
Ashenzari
Dithmenos
Gozag
Kikubaaqudgha
Makhleb
Trog

Shops:
D:4 (


Innate Abilities, Weirdness & Mutations

You can wield a second weapon in your off-hand.
It takes a long time for you to wield or remove held weapons.
Your first few attacks do less damage.
You cannot equip rings or amulets.


Message History

You have reached level 7!
Your brain swirls with designs for a recursive supercompensator.
You just need some more time...
Unknown command.
You whack the orc with your +2 whip of electrocution!
You kill the orc!
The ball python bites you but does no damage.
The ball python constricts you.
The orc priest looks satisfied for a moment.
The orc hits you but does no damage.
Unknown command.
You closely miss the ball python with your +2 whip of electrocution.
You barely miss the ball python with your +0 flail.
The ball python bites you but does no damage.
The ball python constricts you. The orc hits you with a +0 whip.
The orc hits you with a +0 club.
* * * LOW HITPOINT WARNING * * *
Unknown command.
Unknown command.
You hit the orc priest with your +0 flail.
The orc priest is moderately wounded.
You barely miss the orc priest with your +2 whip of electrocution.
The ball python bites you but does no damage.
The ball python constricts you. The orc hits you with a +0 whip.
* * * LOW HITPOINT WARNING * * *
The orc priest calls down the wrath of Beogh upon you.
Pain shoots through your body!
* * * LOW HITPOINT WARNING * * *
The orc is distracted by your dazzling golden aura.
The orc shouts!
Unknown command.
Unknown command.
You hit the orc priest but do no damage.
The orc priest is moderately wounded.
You hit the orc priest with your +2 whip of electrocution.
The ball python bites you but does no damage.
The ball python constricts you. The orc hits you but does no damage.
The orc priest invokes the aid of Beogh against you.
Pain shoots through your body!
You die...
Your body crumbles into a pile of gold.

## .......### .
#.##........# ..
.....∩...... ...
........... #(...
..........
......#$........
.......Soo...... .....
##@o......
.....##.........
................
.#...##....##...... #
..##.###.....#...... .
##.#......##.........
.###...##.#.............
#.#...# # #.............
#.....# ##............


You could see an orc priest, 2 orcs and a ball python.

Vanquished Creatures
  Edmund (D:4)
  A scorpion (D:3)
  A hound (D:4)
  Natasha (D:2)
  Terence (D:2)
  An iguana (D:4)
  Robin (D:2)
  4 gnolls (D:2)
  3 adders
  4 dart slugs
  2 ribbon worms (D:2)
  An orc (D:4)
  6 endoplasms
  A giant cockroach (D:1)
  15 goblins
  11 hobgoblins
  2 jackals (D:1)
  A quokka (D:3)
  7 ball pythons
  5 bats
  3 frilled lizards
  6 kobolds (D:3)
  5 rats
83 creatures vanquished.

Notes
Turn   | Place    | Note
-------+----------+-------------------------------------------
     0 | D:1      | DEFE the Coglin Fighter began the quest for the Orb.
     0 | D:1      | Reached XP level 1. HP: 18/18 MP: 1/1
    50 | D:1      | Reached skill level 2 in Maces & Flails
    80 | D:1      | Reached XP level 2. HP: 24/24 MP: 2/2
   408 | D:1      | Reached skill level 3 in Maces & Flails
   410 | D:1      | Reached XP level 3. HP: 29/29 MP: 3/3
   735 | D:2      | Noticed Robin
  1178 | D:2      | Killed Robin
  1179 | D:2      | Reached XP level 4. HP: 21/35 MP: 4/4
  1412 | D:2      | Reached skill level 4 in Maces & Flails
  1444 | D:2      | Reached XP level 5. HP: 16/41 MP: 5/5
  1607 | D:2      | Noticed Natasha
  1609 | D:2      | Killed Natasha
  1627 | D:2      | Found an ancient bone altar of Kikubaaqudgha.
  1739 | D:2      | Noticed Terence
  1750 | D:2      | Killed Terence
  1751 | D:2      | Reached skill level 5 in Maces & Flails
  2049 | D:3      | Found a burning altar of Makhleb.
  2105 | D:3      | Found a bloodstained altar of Trog.
  2144 | D:3      | Found a shadowy altar of Dithmenos.
  2278 | D:3      | Found an opulent altar of Gozag.
  2458 | D:3      | Reached XP level 6. HP: 46/47 MP: 6/6
  2665 | D:3      | Found a broken altar of Ashenzari.
  2821 | D:3      | Became a worshipper of Gozag Ym Sagoz the Greedy
  2944 | D:4      | Reached skill level 6 in Maces & Flails
  2983 | D:4      | Found Xaxzuyn's Weapon Emporium.
  2983 | D:4      | Noticed Edmund
  2991 | D:4      | Killed Edmund
  2992 | D:4      | Reached XP level 7. HP: 19/52 MP: 7/7
  2995 | D:4      | Killed from afar by an orc priest

Illustrated notes

Levels and vault maps discovered:
D:1:      dpeg_arrival_pond, layout_basic
D:2:      layout_basic, basic_altar, uniq_natasha, uniq_robin, uniq_terence
D:3:      layout_loops_ring, marbit_many_paths, mainiacjoe_overflow_big_doors,
          bloody_makhleb, mainiacjoe_overflow_tiny_flanked
D:4:      layout_cave_pools, serial_shops, shop, grunt_decor_junction,
          uniq_edmund

Skill      XL: |  1  2  3  4  5  6 |
---------------+-------------------+-----
Maces & Flails | 2 3 4 5 6 |  6.7
Fighting       | |  3.0
Armour         | |  2.6
Shields        | |  2.1

Action                     |  1- 3 |  4- 6 |  7- 9 || total
---------------------------+-------+-------+-------++-------
  Melee: Flail             |    75 |    72 |     3 ||   150
         Mace              |    33 |       |       ||    33
         Whip              |       |    63 |     4 ||    67
    Use: Potion            |     2 |     1 |       ||     3
 Armour: Scale mail        |    85 |    35 |       ||   120
         Chain mail        |       |    37 |    13 ||    50
  Dodge: Dodged            |    43 |    29 |       ||    72
  Block: Buckler           |    12 |       |       ||    12

Table legend: (Time is in decaauts)
 A = Elapsed time spent in this place.
 B = Non-inter-level travel time spent in this place.
 C = Inter-level travel time spent in this place.
 D = Time resting spent in this place.
 E = Time spent auto-exploring this place.
 F = Levels seen in this place.
 G = Mean time per level.
                   A        B        C        D        E       F      G
               +--------+--------+--------+--------+--------+-----+--------+
         Total |   3022 |   2841 |    181 |    681 |   1686 |   4 |  755.5 |
       Dungeon |   3022 |   2841 |    181 |    681 |   1686 |   4 |  755.5 |
               +--------+--------+--------+--------+--------+-----+--------+

Top non-repeatable levels by time:
     D:1: 1141 daAuts
     D:3: 934 daAuts
     D:2: 824 daAuts
     D:4: 122 daAuts
